[Event "Titled Tuesday Blitz November 15 Late 2022"]
[White "Martinez Alcantara, Jose Eduardo"]
[Black "Sattarov, Bobir"]
[WhiteFideId "3805662"]
[BlackFideId "14203081"]
[WhiteElo "2705"]
[BlackElo "2354"]
[Result "1/2-1/2"]
[Round "02"]
[TimeControl "180+1"]
[Date "2022.11.15"]
[WhiteClock "0:00:50"]
[BlackClock "0:00:20"]

1. e4 e5 2. Nf3 Nc6 3. Bb5 a6 4. Ba4 Bc5 5. c3 Qf6 6. d3 h6 7. O-O Nge7 8. Be3 Ba7 9. Nbd2 d6 10. h3 O-O 11. Bxa7 Rxa7 12. Bxc6 Nxc6 13. Nc4 Qg6 14. Kh1 f5 15. Nh4 Qf6 16. Nxf5 Bxf5 17. exf5 Qxf5 18. Ne3 Qg6 19. Qg4 Qxg4 20. hxg4 Ne7 21. g3 Raa8 22. Kg2 Rae8 23. Rae1 Ng6 24. Nf5 Ne7 25. Ne3 Ng6 26. a4 Rf7 27. b4 Ref8 28. b5 axb5 29. axb5 Ne7 30. c4 c6 31. Re2 Kh7 32. Rh1 Kg6 33. bxc6 bxc6 34. Ra1 Rb8 35. Ra6 Rb3 36. Rd2 Kh7 37. Ra7 Kg8 38. Ra8+ Rf8 39. Ra7 Rf7 40. Rd7 Nc8 41. Rd8+ Rf8 42. Rd7 Rf7 43. Rd8+ Rf8 44. Rxf8+ Kxf8 45. Ra2 Ke8 46. Ra8 Kd7 47. Nf5 g6 48. Nxh6 Rxd3 49. Nf7 Rc3 50. Nh8 Rxc4 51. g5 Ne7 52. Nf7 Ke6 53. Nd8+ Kd7 54. Nf7 Ke6 55. Nh6 Rc2 56. Ng4 c5 57. Ne3 Rc1 58. Ra4 Nd5 59. Nc4 Nb4 60. Ne3 Nd5 61. Nc4 Nb4 62. Ne3 Nd5 1/2-1/2


[Site "https://www.chess.com"]

[Event "Titled Tuesday Blitz November 15 Late 2022"]
[White "Melikhov, Evgeny V."]
[Black "Artemenko, Oleg"]
[WhiteFideId "4122046"]
[BlackFideId "14201798"]
[WhiteElo "2169"]
[BlackElo "2287"]
[Result "1-0"]
[Round "02"]
[TimeControl "180+1"]
[Date "2022.11.16"]
[WhiteClock "0:00:20"]
[BlackClock "0:00:04"]

1. d4 Nf6 2. c4 e6 3. Nc3 Bb4 4. Qc2 d5 5. cxd5 exd5 6. Bg5 O-O 7. a3 Bxc3+ 8. Qxc3 c6 9. e3 h6 10. Bxf6 Qxf6 11. Nf3 Bg4 12. Be2 Nd7 13. O-O Rfe8 14. Rfc1 Re7 15. b4 a6 16. a4 Ree8 17. b5 axb5 18. axb5 Rxa1 19. Qxa1 Rc8 20. Qa7 Rb8 21. Ne5 Bf5 22. Nxd7 Bxd7 23. Qxb8+ Kh7 24. Qe5 Qg6 25. Qg3 Qf6 26. Bd3+ g6 27. Qe5 Qd8 28. Qd6 Qc8 29. bxc6 bxc6 30. Rb1 Bh3 31. gxh3 Qxh3 32. Bf1 Qf5 33. Rc1 h5 34. Qf4 Qe6 35. Bg2 f6 36. Qc7+ Kh6 37. Qxc6 Qg4 38. Qxd5 f5 39. Qe5 h4 40. Qf4+ Qxf4 41. exf4 g5 42. fxg5+ Kh5 43. Bf3+ Kxg5 44. h3 Kf4 45. Kg2 Kg5 46. Rc5 Kf4 47. d5 Ke5 48. Rc6 Kf4 49. d6 Ke5 50. d7 Kf4 51. d8=Q Ke5 52. Qd5+ Kf4 53. Rc4+ Kg5 54. Qg8+ Kf6 55. Rc6+ Ke5 56. Qe6+ Kf4 57. Qd6+ Kg5 58. Qc5 Kf4 59. Qe3# 1-0


[Site "https://www.chess.com"]

[Event "Titled Tuesday Blitz November 15 Late 2022"]
[White "Melikyan, Gnel"]
[Black "Svane, Rasmus"]
[WhiteFideId "54109990"]
[BlackFideId "4657101"]
[WhiteElo "2138"]
[BlackElo "2674"]
[Result "0-1"]
[Round "02"]
[TimeControl "180+1"]
[Date "2022.11.15"]
[WhiteClock "0:00:09"]
[BlackClock "0:01:17"]

1. d4 d5 2. c4 e6 3. Nc3 a6 4. cxd5 exd5 5. Bf4 Nf6 6. e3 Bd6 7. Bxd6 Qxd6 8. Nf3 Bf5 9. Bd3 Bxd3 10. Qxd3 Nbd7 11. Rc1 O-O 12. O-O Rfe8 13. Rfe1 c6 14. e4 dxe4 15. Nxe4 Nxe4 16. Rxe4 Nf6 17. Re5 Rxe5 18. Nxe5 Rd8 19. Nf3 Qd5 20. a3 h6 21. h3 Qb5 22. Qxb5 axb5 23. Kf1 Nd5 24. g3 Nb6 25. Rc2 f6 26. Ke2 Kf7 27. Kd3 g5 28. Nd2 h5 29. Ne4 Rd7 30. f4 gxf4 31. gxf4 Nd5 32. Rf2 Rd8 33. Nc5 b6 34. Ne4 Rg8 35. f5 Rg1 36. Rc2 Rd1+ 37. Nd2 Ne7 38. h4 Rg1 39. Nf3 Rg3 40. Ke4 Rg4+ 41. Ke3 Nxf5+ 42. Kd3 Rg3 43. Ke4 Rxf3 44. Rxc6 Nxh4 45. Rxb6 Rb3 46. d5 Rxb2 47. Rb7+ Ke8 48. d6 Rd2 49. Rxb5 Rxd6 50. Rxh5 Ng6 51. Kf5 Ne7+ 52. Ke4 Ra6 53. Rh3 Ra4+ 0-1


[Site "https://www.chess.com"]

[Event "Titled Tuesday Blitz November 15 Late 2022"]
[White "Mendonca, Mateus Nakajo"]
[Black "Melkumyan, Hrant"]
[WhiteFideId "2110954"]
[BlackFideId "13302485"]
[WhiteElo "2310"]
[BlackElo "2604"]
[Result "0-1"]
[Round "02"]
[TimeControl "180+1"]
[Date "2022.11.15"]
[WhiteClock "0:00:18"]
[BlackClock "0:01:25"]

1. d4 Nf6 2. Nf3 d5 3. c4 e6 4. g3 dxc4 5. Bg2 c6 6. Ne5 Bb4+ 7. Nc3 Nd5 8. Qc2 Nxc3 9. bxc3 Qxd4 10. cxb4 Qxa1 11. Nxc4 O-O 12. O-O Qf6 13. Bb2 Qe7 14. Qc3 f6 15. g4 e5 16. g5 Be6 17. gxf6 gxf6 18. f4 Nd7 19. fxe5 fxe5 20. Rd1 Rad8 21. Kh1 Nb6 22. Qg3+ Qg7 23. Qxg7+ Kxg7 24. Bxe5+ Kg8 25. Nd6 Nc4 26. Bg3 Nxd6 27. Bxd6 Rf6 28. e4 Bg4 29. Rg1 Rfxd6 0-1


[Site "https://www.chess.com"]

[Event "Titled Tuesday Blitz November 15 Late 2022"]
[White "Mgeladze, Tamaz"]
[Black "Hakobyan, Aram"]
[WhiteFideId "13601202"]
[BlackFideId "13306677"]
[WhiteElo "2288"]
[BlackElo "2563"]
[Result "0-1"]
[Round "02"]
[TimeControl "180+1"]
[Date "2022.11.15"]
[WhiteClock "0:00:02"]
[BlackClock "0:00:31"]

1. c4 Nf6 2. Nc3 e6 3. e4 e5 4. f4 d6 5. Nf3 Bg4 6. d4 Bxf3 7. gxf3 Nh5 8. fxe5 dxe5 9. dxe5 Qh4+ 10. Kd2 Na6 11. Qa4+ c6 12. Kc2 O-O-O 13. Be3 Bc5 14. Bxc5 Nxc5 15. Qxa7 Qf2+ 16. Be2 Rd2+ 17. Kxd2 Nxe4+ 18. fxe4 Qxa7 19. Bxh5 Qf2+ 20. Be2 Rd8+ 21. Kc2 Qf4 22. Rad1 Rxd1 23. Kxd1 Qxe5 24. h4 g6 25. h5 g5 26. h6 Kb8 27. Rf1 Qd6+ 28. Ke1 Qxh6 29. Rxf7 g4 30. Nd1 g3 31. Bf3 Qh2 32. Rg7 h5 33. e5 Qh4 34. e6 g2+ 35. Nf2 Qf6 36. Rxg2 Qxf3 37. Kf1 Qf6 38. Rg8+ Ka7 39. Re8 h4 40. Ke2 h3 41. Ne4 Qe5 42. Ke3 h2 0-1


[Site "https://www.chess.com"]

[Event "Titled Tuesday Blitz November 15 Late 2022"]
[White "Mickiewicz, Piotr"]
[Black "Kouskoutis, Georgios-Alexandros"]
[WhiteFideId "1114891"]
[BlackFideId "4234049"]
[WhiteElo "2246"]
[BlackElo "2187"]
[Result "1-0"]
[Round "02"]
[TimeControl "180+1"]
[Date "2022.11.16"]
[WhiteClock "0:00:38"]
[BlackClock "0:00:03"]

1. e4 c5 2. Nf3 g6 3. d4 cxd4 4. Nxd4 Bg7 5. Nc3 Nc6 6. Be3 Nf6 7. Bc4 O-O 8. Bb3 d6 9. h3 Bd7 10. O-O Nxd4 11. Bxd4 Bc6 12. Re1 e5 13. Be3 Nxe4 14. Nd5 Nc5 15. Qd2 a5 16. c4 a4 17. Bc2 b5 18. cxb5 Bxb5 19. Rad1 Nb7 20. Nc3 Bc6 21. Be4 Rc8 22. Bxc6 Rxc6 23. Nxa4 Qa8 24. Nc3 Qa5 25. Qd5 Rfc8 26. Rd2 Qxd5 27. Nxd5 Kf8 28. b4 Rc2 29. Ree2 Rxd2 30. Rxd2 Ra8 31. Rc2 Nd8 32. Nb6 Ra6 33. a4 f5 34. b5 Ra5 35. Rc8 Ke8 36. Bg5 1-0


[Site "https://www.chess.com"]

[Event "Titled Tuesday Blitz November 15 Late 2022"]
[White "Mladenovic, Stefan"]
[Black "Sanal, Vahap"]
[WhiteFideId "942227"]
[BlackFideId "6300545"]
[WhiteElo "2337"]
[BlackElo "2574"]
[Result "0-1"]
[Round "02"]
[TimeControl "180+1"]
[Date "2022.11.15"]
[WhiteClock "0:00:34"]
[BlackClock "0:01:37"]

1. d4 d6 2. Nf3 Nf6 3. Bf4 c5 4. e3 Nbd7 5. c3 g6 6. Be2 Bg7 7. O-O O-O 8. h3 b6 9. a4 a6 10. Bh2 Bb7 11. Nbd2 Qc7 12. Bd3 Rfe8 13. Qe2 e5 14. dxe5 Nxe5 15. Nxe5 dxe5 16. Rfd1 h5 17. Nc4 Qc6 18. f3 e4 19. fxe4 Nxe4 20. Bxe4 Rxe4 21. Rd6 Qe8 22. Rxb6 Bd5 23. Nd6 Rxe3 24. Qf2 Qe7 25. Rd1 Re2 26. Rxd5 Re1+ 0-1


[Site "https://www.chess.com"]

[Event "Titled Tuesday Blitz November 15 Late 2022"]
[White "Molenda, Marcin"]
[Black "Haszon, David"]
[WhiteFideId "1173065"]
[BlackFideId "733610"]
[WhiteElo "2281"]
[BlackElo "2211"]
[Result "1-0"]
[Round "02"]
[TimeControl "180+1"]
[Date "2022.11.16"]
[WhiteClock "0:02:03"]
[BlackClock "0:00:50"]

1. e4 c5 2. Nf3 d6 3. Bb5+ Nd7 4. O-O a6 5. Bd3 Ngf6 6. Re1 e5 7. c3 Be7 8. Bc2 O-O 9. d4 Qc7 10. Nbd2 b5 11. d5 c4 12. Kh1 Qa7 13. Qe2 Nc5 14. Nf1 Bg4 15. h3 Bh5 16. g4 Bg6 17. Ng3 h5 18. g5 Nh7 19. Rg1 Qd7 20. Kh2 f6 21. Nh4 Be8 22. g6 Ng5 23. Bxg5 fxg5 24. Qxh5 Rxf2+ 25. Rg2 Rxg2+ 26. Nxg2 Bf6 27. Nf5 1-0


[Site "https://www.chess.com"]

[Event "Titled Tuesday Blitz November 15 Late 2022"]
[White "Mustafayev, Farid"]
[Black "Jones, Gawain C B"]
[WhiteFideId "13408771"]
[BlackFideId "409561"]
[WhiteElo "2192"]
[BlackElo "2657"]
[Result "0-1"]
[Round "02"]
[TimeControl "180+1"]
[Date "2022.11.15"]
[WhiteClock "0:00:23"]
[BlackClock "0:00:08"]

1. d4 Nf6 2. c4 g6 3. Nf3 Bg7 4. g3 c5 5. Bg2 O-O 6. Nc3 d6 7. O-O Nc6 8. d5 Na5 9. Nd2 e6 10. Rb1 exd5 11. cxd5 Re8 12. a3 Bf5 13. e4 Bg4 14. f3 Bd7 15. b4 cxb4 16. axb4 Rc8 17. bxa5 Rxc3 18. Rxb7 Qxa5 19. Bb2 Rd3 20. Rf2 Bb5 21. Bf1 Qa6 22. Rc7 Nxd5 23. exd5 Bxb2 24. Bxd3 Bxd3 25. Ne4 Bd4 26. Kg2 Rxe4 27. fxe4 Bxe4+ 28. Rf3 Bf6 29. Qe1 Qa2+ 30. Qf2 Bxf3+ 31. Kxf3 Qxd5+ 32. Ke2 Qb5+ 33. Kd1 Qd5+ 34. Qd2 Qxd2+ 35. Kxd2 Bd4 36. Kd3 Bc5 37. Ke4 h5 38. h3 Kg7 39. g4 Kf6 40. Kf4 hxg4 41. hxg4 g5+ 42. Ke4 Ke6 43. Rc6 a5 44. Ra6 Bb4 45. Kd4 f5 46. gxf5+ Kxf5 47. Ra8 Kf4 48. Rf8+ Kg3 49. Rf5 g4 50. Ke4 Bc5 51. Rg5 a4 52. Kf5 a3 53. Rxg4+ Kf3 54. Ra4 Ke3 55. Ke6 Kd3 56. Kd5 Kc3 57. Rg4 a2 58. Rg3+ Kb2 59. Rg2+ Kb1 0-1


[Site "https://www.chess.com"]

[Event "Titled Tuesday Blitz November 15 Late 2022"]
[White "Nakamura, Hikaru"]
[Black "Yuan, Qingyu"]
[WhiteFideId "2016192"]
[BlackFideId "8609772"]
[WhiteElo "2909"]
[BlackElo "2359"]
[Result "1-0"]
[Round "02"]
[TimeControl "180+1"]
[Date "2022.11.15"]
[WhiteClock "0:01:46"]
[BlackClock "0:00:40"]

1. b4 d5 2. Bb2 Bg4 3. a3 e6 4. h3 Bh5 5. d3 Nd7 6. Nd2 a5 7. Ngf3 h6 8. b5 Ngf6 9. c4 Be7 10. g4 Bg6 11. Bg2 Nb6 12. cxd5 exd5 13. Nd4 a4 14. f4 Bd6 15. O-O O-O 16. Qc2 Nfd7 17. Kh1 Re8 18. Rae1 Qh4 19. Qc3 f6 20. N2f3 Qg3 21. e3 Rxe3 22. Rxe3 Qxf4 23. Bc1 Kh7 24. Ree1 Qg3 25. Ne2 d4 26. Qxd4 Be5 27. Nxg3 Bxd4 28. Nxd4 1-0


[Site "https://www.chess.com"]

[Event "Titled Tuesday Blitz November 15 Late 2022"]
[White "Nasuta, Grzegorz"]
[Black "Chigaev, Maksim"]
[WhiteFideId "1141686"]
[BlackFideId "4108116"]
[WhiteElo "2440"]
[BlackElo "2541"]
[Result "1-0"]
[Round "02"]
[TimeControl "180+1"]
[Date "2022.11.15"]
[WhiteClock "0:00:21"]
[BlackClock "0:00:04"]

1. e4 c5 2. Nf3 e6 3. d4 cxd4 4. Nxd4 Nf6 5. Nc3 Nc6 6. a3 Be7 7. Nxc6 bxc6 8. e5 Nd5 9. Qg4 g6 10. Qg3 Qa5 11. Bd2 Rb8 12. Ne4 Qa4 13. c4 Rxb2 14. Bd3 Nb6 15. Nd6+ Bxd6 16. exd6 Rxd2 17. Kxd2 Nxc4+ 18. Ke2 O-O 19. Qh4 Ba6 20. Rhc1 Nb2 21. Qxa4 Bxd3+ 22. Ke3 Nxa4 23. Kxd3 e5 24. Rab1 f6 25. Rb7 Nb6 26. Rxa7 Rd8 27. a4 Kf7 28. a5 Nd5 29. a6 Ke6 30. Rb7 Kxd6 31. a7 Ra8 32. Ra1 f5 33. Rb8 Nc7 34. Rxa8 Nxa8 35. Rb1 1-0


[Site "https://www.chess.com"]

[Event "Titled Tuesday Blitz November 15 Late 2022"]
[White "Osmak, Yuliia"]
[Black "Pultinevicius, Paulius"]
[WhiteFideId "14101602"]
[BlackFideId "12809390"]
[WhiteElo "2328"]
[BlackElo "2493"]
[Result "0-1"]
[Round "02"]
[TimeControl "180+1"]
[Date "2022.11.16"]
[WhiteClock "0:00:06"]
[BlackClock "0:00:12"]

1. d4 Nf6 2. c4 c6 3. Nf3 d5 4. Nc3 e6 5. Bg5 dxc4 6. e4 h6 7. Bxf6 Qxf6 8. Bxc4 Bb4 9. O-O O-O 10. e5 Qe7 11. Qe2 Rd8 12. Rad1 Nd7 13. Qe4 Rb8 14. Bd3 Nf8 15. Qg4 Bxc3 16. bxc3 b5 17. Nd2 c5 18. Ne4 cxd4 19. cxd4 Bb7 20. Nd6 Bd5 21. Bxb5 Bxa2 22. Bd3 Bd5 23. f4 Rb2 24. Be4 f5 25. exf6 Qxf6 26. Bxd5 Rxd6 27. Bf3 Rxd4 28. Rxd4 Qxd4+ 29. Kh1 a5 30. h3 a4 31. Rd1 Qb4 32. Rd8 Qe7 33. Ra8 a3 34. f5 a2 35. Kh2 Qd6+ 36. Qg3 Qxg3+ 37. Kxg3 Kf7 38. fxe6+ Kxe6 39. Ra6+ Ke5 40. Ra5+ Kd4 41. Bd5 Ng6 42. Rxa2 Rb6 43. Bf3 Ne5 44. Rd2+ Ke3 45. Re2+ Kd4 46. Re4+ Kd5 47. Rb4+ Nxf3 48. Rxb6 Nd4 49. Rg6 Ke5 50. Kh2 Ne6 51. Rg3 Kf5 52. Rf3+ Kg6 53. Rf1 Kh7 54. Ra1 Ng5 55. Ra6 Ne4 56. h4 Nc5 57. Rc6 Ne4 58. Kh3 Nf2+ 59. Kg3 Nd3 60. Ra6 Nc5 61. Ra7 Ne4+ 62. Kf4 Nf6 63. g4 Nd5+ 64. Ke5 Nb4 65. g5 Nc6+ 66. Ke6 Nxa7 67. Kf7 hxg5 68. hxg5 g6 69. Kf6 Nb5 70. Kf7 Nc3 71. Kf6 Ne4+ 72. Kf7 Nxg5+ 73. Kf6 Kh6 0-1


[Site "https://www.chess.com"]

[Event "Titled Tuesday Blitz November 15 Late 2022"]
[White "Palencia Morales, Wilson Guillermo"]
[Black "Ali Abdullahi, Farah"]
[WhiteFideId "4401859"]
[BlackFideId "16100212"]
[WhiteElo "2160"]
[BlackElo "2324"]
[Result "1-0"]
[Round "02"]
[TimeControl "180+1"]
[Date "2022.11.16"]
[WhiteClock "0:00:10"]
[BlackClock "0:00:06"]

1. d4 d5 2. c4 e6 3. Nf3 c5 4. Nc3 Nc6 5. cxd5 exd5 6. Bg5 Be7 7. Bxe7 Ngxe7 8. dxc5 d4 9. Ne4 O-O 10. a3 a5 11. Rc1 Bf5 12. Nd6 Rb8 13. Nxd4 Bg6 14. e3 b6 15. Nxc6 Nxc6 16. cxb6 Qxb6 17. Nc4 Qc5 18. Qd6 Qb5 19. Be2 Rfd8 20. Qg3 Ne7 21. O-O Nf5 22. Qf4 Nd6 23. Nxd6 Qxe2 24. b4 axb4 25. axb4 Qb2 26. b5 Bd3 27. Qxf7+ Kh8 28. Qe6 Rf8 29. Nf7+ Rxf7 30. Qxf7 Bxf1 31. Rxf1 Qxb5 32. Rd1 h6 33. h3 Qb4 34. Rd7 Qb2 35. g4 Ra8 36. Re7 Ra1+ 37. Kg2 Ra8 38. Re8+ Rxe8 39. Qxe8+ Kh7 40. Qe4+ Kh8 41. Qf5 Qc3 42. h4 Qc6+ 43. Qf3 Qc4 44. Qf4 Qc6+ 45. Kg3 Qc1 46. Qf8+ Kh7 47. Qf5+ Kh8 48. g5 Qg1+ 49. Kf3 Qh1+ 50. Ke2 Qxh4 51. g6 Qd8 52. Qf7 Qc8 53. Kf3 Qh3+ 54. Ke4 Qc8 55. f4 h5 56. Qf5 Qc2+ 57. Ke5 Qc3+ 58. Kd5 Qa5+ 59. Ke4 Qb4+ 60. Kf3 Qb7+ 61. Kg3 1-0


[Site "https://www.chess.com"]

[Event "Titled Tuesday Blitz November 15 Late 2022"]
[White "Papayan, Oleg"]
[Black "Ardila, Oscar Humberto"]
[WhiteFideId "4193911"]
[BlackFideId "4404742"]
[WhiteElo "2153"]
[BlackElo "1959"]
[Result "0-1"]
[Round "02"]
[TimeControl "180+1"]
[Date "2022.11.16"]
[WhiteClock "0:00:06"]
[BlackClock "0:00:55"]

1. e4 e5 2. Nf3 Nf6 3. d4 Nxe4 4. Bd3 d5 5. Nxe5 Nf6 6. O-O Be7 7. Re1 O-O 8. c4 c6 9. Nc3 Nbd7 10. Bf4 dxc4 11. Be4 Nxe5 12. Bxe5 Nd5 13. Qh5 f5 14. Bf3 Bf6 15. Be2 b5 16. a4 b4 17. Na2 Ba6 18. Rac1 Bxe5 19. dxe5 Nf4 20. Qf3 Nxe2+ 21. Qxe2 Qa5 22. e6 Rae8 23. Rxc4 Bxc4 24. Qxc4 Qd5 25. Qxd5 cxd5 26. Nxb4 Rf6 27. e7 Rd6 28. f4 Rd7 29. Nc6 Rd6 30. Nxa7 d4 31. Nb5 Rd7 32. Kf2 d3 33. a5 Kf7 34. a6 d2 35. Rd1 Rexe7 36. a7 Re8 37. Kf3 Ra8 38. b4 Kf6 39. Ke3 Rb7 40. Nd4 Rxb4 41. Rxd2 Rxa7 42. Nf3 Ra3+ 43. Kf2 Rxf4 44. g3 Rfxf3+ 0-1


[Site "https://www.chess.com"]

[Event "Titled Tuesday Blitz November 15 Late 2022"]
[White "Paravyan, David"]
[Black "Leiva, Gianmarco"]
[WhiteFideId "4194985"]
[BlackFideId "3804399"]
[WhiteElo "2546"]
[BlackElo "2286"]
[Result "1-0"]
[Round "02"]
[TimeControl "180+1"]
[Date "2022.11.15"]
[WhiteClock "0:00:53"]
[BlackClock "0:00:05"]

1. e4 c5 2. Nf3 d6 3. d4 cxd4 4. Nxd4 Nf6 5. Nc3 a6 6. Bg5 Nbd7 7. Bc4 Qb6 8. Bb3 e6 9. f3 Be7 10. h4 Nc5 11. g4 Qc7 12. Qe2 Bd7 13. O-O-O O-O-O 14. Kb1 Kb8 15. Be3 Bc8 16. Qf2 Rhe8 17. g5 Nfd7 18. h5 Ne5 19. Qe2 Nc6 20. Nxc6+ Qxc6 21. Rhg1 Bd7 22. Bd4 Bf8 23. Qf2 Rc8 24. Rd2 Red8 25. Rgd1 Be8 26. Qg3 Ka8 27. Be3 b5 28. Bf4 b4 29. Ne2 Nxb3 30. axb3 e5 31. Bxe5 Kb7 32. Bd4 Bd7 33. Nf4 Be6 34. Nxe6 fxe6 35. Qg4 d5 36. g6 hxg6 37. Qxg6 dxe4 38. Qxe4 Qxe4 39. fxe4 a5 40. c3 a4 41. bxa4 b3 42. Be3 Be7 43. Rxd8 Bxd8 44. Rd7+ Bc7 45. Bf4 Rf8 46. Rxc7+ Kb6 47. a5+ Kxa5 48. Bc1 1-0


[Site "https://www.chess.com"]

[Event "Titled Tuesday Blitz November 15 Late 2022"]
[White "Pein, Jonathan"]
[Black "Chirilov, James A"]
[WhiteFideId "417092"]
[BlackFideId "30976677"]
[WhiteElo "2227"]
[BlackElo "1790"]
[Result "0-1"]
[Round "02"]
[TimeControl "180+1"]
[Date "2022.11.16"]
[WhiteClock "0:00:17"]
[BlackClock "0:00:14"]

1. d4 Nf6 2. f3 g6 3. e4 d6 4. Nc3 Bg7 5. Be3 O-O 6. Qd2 Nbd7 7. O-O-O c5 8. Nge2 Qc7 9. g4 cxd4 10. Nxd4 a6 11. h4 h5 12. gxh5 Nxh5 13. Nd5 Qd8 14. Bh6 e6 15. Bxg7 Kxg7 16. Qc3 Ne5 17. Nc7 Rb8 18. f4 Nxf4 19. h5 Qg5 20. Kb1 Bd7 21. hxg6 Nfxg6 22. Bh3 Qe7 23. Qe3 Rh8 24. Nf5+ exf5 25. Nd5 Qh4 26. exf5 Bxf5 27. Rh2 Bxh3 28. Rdh1 Qc4 29. Nb6 Qe6 30. a4 Bf5 31. b3 Rxh2 32. Rxh2 Rh8 33. Rd2 Rh3 0-1


[Site "https://www.chess.com"]

[Event "Titled Tuesday Blitz November 15 Late 2022"]
[White "Petrovic, Aleksa"]
[Black "chess50years"]
[WhiteFideId "967629"]
[WhiteElo "2224"]
[BlackElo "2138"]
[Result "1-0"]
[Round "02"]
[TimeControl "180+1"]
[Date "2022.11.16"]
[WhiteClock "0:01:51"]
[BlackClock "0:00:09"]

1. d4 Nf6 2. c4 e6 3. Nf3 Bb4+ 4. Bd2 a5 5. g3 O-O 6. Bg2 d6 7. O-O Qe7 8. Bc1 a4 9. a3 Ba5 10. Qxa4 c5 11. Qc2 Nc6 12. dxc5 dxc5 13. Nc3 h6 14. Rd1 Bxc3 15. Qxc3 e5 16. Ne1 Nd4 17. Rd2 Bg4 18. f3 Be6 19. e3 Nc6 20. b3 Rfd8 21. Raa2 g6 22. Rxd8+ Rxd8 23. Rd2 h5 24. Rxd8+ Qxd8 25. Nd3 Nd7 26. Bb2 f6 27. f4 Qa5 28. Bxc6 Qxc3 29. Bxc3 bxc6 30. fxe5 fxe5 31. Nxe5 Nxe5 32. Bxe5 Kf7 33. Bd6 Bf5 34. Bxc5 Bc2 35. b4 Bb3 36. e4 Bxc4 37. Kf2 Bb5 38. Ke3 Ke6 39. Kf4 Bd3 40. a4 Kf6 41. a5 g5+ 42. Ke3 Bb5 43. Kd4 Ke6 44. Bf8 g4 45. Kc5 Ba4 46. a6 1-0


[Site "https://www.chess.com"]

[Event "Titled Tuesday Blitz November 15 Late 2022"]
[White "Phillips, Rene"]
[Black "Sariego Figueredo, Wilfredo"]
[WhiteFideId "2056275"]
[BlackFideId "3500080"]
[WhiteElo "1989"]
[BlackElo "2309"]
[Result "1/2-1/2"]
[Round "02"]
[TimeControl "180+1"]
[Date "2022.11.16"]
[WhiteClock "0:00:30"]
[BlackClock "0:00:28"]

1. Nf3 c5 2. b3 d5 3. e3 Nf6 4. Bb2 e6 5. Be2 Be7 6. O-O O-O 7. Ne5 Nc6 8. f4 Qc7 9. Nxc6 Qxc6 10. Bf3 b5 11. a4 b4 12. d3 a5 13. Nd2 Bb7 14. Nc4 Qc7 15. Ne5 Nd7 16. Qe1 Nxe5 17. Bxe5 Bd6 18. Bb2 f6 19. Qg3 e5 20. fxe5 Bxe5 21. Bxe5 Qxe5 22. Qxe5 fxe5 23. Bg4 g6 24. Be6+ Kg7 25. Rxf8 Rxf8 26. Rf1 Rf6 27. Bd7 d4 28. e4 Rxf1+ 29. Kxf1 Kf6 30. Kf2 Ke7 31. Bb5 Bc8 32. h3 Kf6 33. Kg3 g5 34. Kf3 h5 35. g4 hxg4+ 36. hxg4 Kg6 37. Kg3 Kf6 38. Kf3 Ke6 39. Bc4+ Kd6 40. Bb5 Bd7 41. Bxd7 Kxd7 42. Kg3 Kd6 43. Kf3 Ke6 44. Kg3 Kf6 45. Kf3 Kg6 46. Kg3 Kf6 47. Kf3 Kg6 48. Kg3 Kf6 1/2-1/2


[Site "https://www.chess.com"]

[Event "Titled Tuesday Blitz November 15 Late 2022"]
[White "Pino Perez, Lazaro"]
[Black "Tan, Zhongyi"]
[WhiteFideId "3517055"]
[BlackFideId "8603642"]
[WhiteElo "2170"]
[BlackElo "2510"]
[Result "0-1"]
[Round "02"]
[TimeControl "180+1"]
[Date "2022.11.16"]
[WhiteClock "0:00:05"]
[BlackClock "0:00:21"]

1. d4 d5 2. Bf4 Nf6 3. e3 Bg4 4. Qd3 a6 5. Qb3 Qc8 6. c4 e6 7. Nc3 dxc4 8. Bxc4 c5 9. d5 b5 10. Be2 c4 11. Qd1 Bxe2 12. Ngxe2 exd5 13. Nxd5 Nxd5 14. Qxd5 Bb4+ 15. Nc3 Nc6 16. Bd6 Ne7 17. Bxe7 Bxe7 18. Qe4 Ra7 19. Nd5 Qe6 20. Qxe6 fxe6 21. Nxe7 Kxe7 22. Ke2 Rc7 23. Rac1 Rd8 24. Rhd1 Rd5 25. e4 Rdc5 26. Rc3 b4 27. Rg3 g6 28. Rh3 h5 29. Rg3 Kf6 30. Rd6 c3 31. bxc3 bxc3 32. Kd1 Ra5 33. Rdd3 Rxa2 34. Rxc3 Rxc3 35. Rxc3 Rxf2 0-1


[Site "https://www.chess.com"]

[Event "Titled Tuesday Blitz November 15 Late 2022"]
[White "Pranav, V"]
[Black "Goryachkina, Aleksandra"]
[WhiteFideId "25060783"]
[BlackFideId "4147103"]
[WhiteElo "2430"]
[BlackElo "2484"]
[Result "1-0"]
[Round "02"]
[TimeControl "180+1"]
[Date "2022.11.15"]
[WhiteClock "0:00:13"]
[BlackClock "0:00:02"]

1. e4 e6 2. d4 d5 3. Nc3 Bb4 4. e5 c5 5. a3 Bxc3+ 6. bxc3 Ne7 7. h4 Qc7 8. h5 h6 9. Nf3 b6 10. Bb5+ Bd7 11. Bd3 Nbc6 12. Rh4 c4 13. Be2 Nf5 14. a4 Nxh4 15. Nxh4 O-O-O 16. Ba3 Be8 17. f4 f6 18. Bg4 Bf7 19. Qe2 Kb7 20. Kf1 Rhg8 21. Kg1 f5 22. Bf3 g5 23. hxg6 Bxg6 24. Bd6 Qf7 25. Rb1 Rg7 26. Rb5 a6 27. Rb1 Ka7 28. Kf2 Rdg8 29. Rh1 Qd7 30. Qd1 Be8 31. Rh3 Na5 32. g3 Qxa4 33. Ng2 h5 34. Ne3 Qa2 35. Bxh5 Bxh5 36. Qxh5 Qa4 37. Qh6 Qd7 38. Kf3 Nb7 39. Ba3 Rg6 40. Qh5 Qg7 41. Nf1 a5 42. Qh4 Qd7 43. Qe7 Qxe7 44. Bxe7 b5 45. Ne3 Kb6 46. Bg5 Kc6 47. g4 fxg4+ 48. Kxg4 a4 49. Rh1 a3 50. Ra1 Ra8 51. f5 exf5+ 52. Nxf5 Re6 53. Ne7+ Kb6 54. Nxd5+ Kc6 55. Nb4+ Kd7 56. Kf5 Rf8+ 57. Bf6 Rexf6+ 58. exf6 Nd6+ 59. Ke5 Re8+ 60. Kd5 Ne4 61. Rxa3 Nxf6+ 62. Kc5 Rb8 63. Ra7+ Ke6 64. d5+ Kf5 65. Nc6 Ne4+ 66. Kd4 Rf8 67. Ne7+ Kf4 68. Ng6+ 1-0


[Site "https://www.chess.com"]

[Event "Titled Tuesday Blitz November 15 Late 2022"]
[White "Premnath, R."]
[Black "Sjugirov, Sanan"]
[WhiteFideId "5021928"]
[BlackFideId "4189302"]
[WhiteElo "2556"]
[BlackElo "2611"]
[Result "0-1"]
[Round "02"]
[TimeControl "180+1"]
[Date "2022.11.16"]
[WhiteClock "0:00:14"]
[BlackClock "0:00:07"]

1. d4 Nf6 2. c4 e6 3. Nf3 d5 4. Nc3 Nbd7 5. Bg5 h6 6. Bh4 c6 7. e3 Be7 8. Qc2 O-O 9. Bd3 dxc4 10. Bxc4 b5 11. Be2 Bb7 12. O-O Rc8 13. Rfd1 b4 14. Na4 Qa5 15. Bxf6 Bxf6 16. Nc5 Nxc5 17. dxc5 Rfd8 18. Nd4 Bxd4 19. Rxd4 Rxd4 20. exd4 Ba6 21. Bf3 Bb5 22. a3 bxa3 23. bxa3 Ba4 24. Qb2 Rd8 25. h3 Qb5 26. Qc3 Kf8 27. Be4 Qe2 28. Bd3 Qh5 29. Rb1 Qd5 30. Rb4 Bb5 31. Bxb5 cxb5 32. Rxb5 Qxd4 33. Qb4 Qa1+ 34. Kh2 Qe5+ 35. f4 Qd4 36. Rb8 Qxb4 37. Rxd8+ Ke7 38. axb4 Kxd8 39. b5 Kc7 40. Kg3 Kb7 41. Kf3 a6 42. c6+ Kb6 43. bxa6 Kxa6 44. f5 exf5 45. Kf4 Kb6 46. Kxf5 Kxc6 47. g4 Kd5 48. h4 Kd6 49. g5 hxg5 50. hxg5 Ke7 51. Ke5 Kd7 52. Kd5 Kc7 53. Ke5 Kd7 54. Kd5 Ke7 55. Ke5 Kf8 56. Kd6 Ke8 57. Ke5 Ke7 58. Kf5 Kd6 59. Kf4 Ke6 60. Ke4 g6 61. Kf4 Kd5 62. Kf3 Ke5 63. Kg4 Ke4 64. Kg3 Kf5 65. Kh4 Kf4 66. Kh3 Kxg5 0-1


[Site "https://www.chess.com"]

[Event "Titled Tuesday Blitz November 15 Late 2022"]
[White "Proleiko, Julian"]
[Black "Tsydypov, Zhamsaran"]
[WhiteFideId "30900255"]
[BlackFideId "4108566"]
[WhiteElo "2127"]
[BlackElo "2591"]
[Result "0-1"]
[Round "02"]
[TimeControl "180+1"]
[Date "2022.11.15"]
[WhiteClock "0:00:33"]
[BlackClock "0:01:46"]

1. e4 c5 2. c3 Qa5 3. Na3 d6 4. Nc4 Qc7 5. d4 g6 6. Be2 Bg7 7. Nf3 b5 8. Ne3 a6 9. a4 b4 10. Nd5 Qb7 11. a5 Nd7 12. O-O e6 13. Nf4 Ngf6 14. Nd2 O-O 15. Bf3 e5 16. Nd3 bxc3 17. bxc3 cxd4 18. cxd4 Qb5 19. Qb3 Qxb3 20. Nxb3 Rb8 21. Ra3 Bb7 22. d5 Bxd5 23. exd5 e4 24. Be2 exd3 25. Bxd3 Ra8 26. Bc4 Ne5 27. Be2 Nxd5 28. Rd1 Nc3 29. Re1 Rfe8 30. Bf1 Nf3+ 31. gxf3 Rxe1 32. Be3 d5 33. Kg2 Rd1 34. h4 d4 35. Nxd4 Bxd4 36. Bxd4 Rxd4 37. Rxc3 Rxh4 38. Rc6 Rh5 39. Bxa6 Rxa5 40. Bc4 Rg5+ 41. Kh2 Ra4 42. Rc7 Rf5 43. Bxf7+ Rxf7 0-1


[Site "https://www.chess.com"]